 Dungeon Crawl Stone Soup version 0.28.0-1-gb440e238dd (webtiles) character file.

Game seed: 15262613405507972436

70 Ablot the Grasshopper (level 4, 0/38 HPs)
             Began as a Gnoll Warper on Feb 26, 2022.
             Killed by divine providence
             ... invoked by an orc priest
              (12 damage)
             ... on level 3 of the Dungeon.
             The game lasted 00:02:13 (2645 turns).

Ablot the Grasshopper (Gnoll Warper)                Turns: 2645, Time: 00:02:13

Health: 0/38       AC:  3    Str: 12    XL:     4   Next: 22%
Magic:  11/11      EV: 12    Int: 13    God:
Gold:   100        SH:  0    Dex: 11    Spells: 11/13 levels left

rFire   . . .      SeeInvis .   a - +0 spear
rCold   . . .      Faith    .   (no shield)
rNeg    . . .      Spirit   .   b - +0 leather armour
rPois   .          Reflect  .   (no helmet)
rElec   .          Harm     .   (no cloak)
rCorr   .          Rampage  .   (no gloves)
Will    .....                   (no boots)
Stlth   +.........              (no amulet)
HPRegen 0.12/turn               (no ring)
MPRegen 0.12/turn               (no ring)

@: no status effects
A: fangs 1, strong nose, distributed training
a: no special abilities


You were on level 3 of the Dungeon.
You visited 1 branch of the dungeon, and saw 3 of its levels.

You collected 100 gold pieces.

Inventory:

Hand Weapons
 a - a +0 spear (weapon)
Missiles
 d - 5 boomerangs of dispersal (quivered)
 f - 4 boomerangs
 g - 42 stones
 k - 10 poisoned darts
Armour
 b - a +0 leather armour (worn)
Magical Staves
 i - a staff of fire
Jewellery
 h - a ring of poison resistance
Scrolls
 c - a scroll of blinking
 m - a scroll of teleportation {unknown}
Potions
 e - 3 potions of curing {unknown}
 j - a potion of resistance {unknown}
 l - a potion of brilliance {unknown}


   Skills:
 + Level 4.6 Fighting
 + Level 1.0 Short Blades
 + Level 1.0 Long Blades
 + Level 1.0 Axes
 + Level 1.0 Maces & Flails
 + Level 4.6 Polearms
 + Level 1.0 Staves
 + Level 1.0 Slings
 + Level 1.0 Bows
 + Level 1.0 Crossbows
 + Level 2.7 Throwing
 + Level 2.7 Armour
 + Level 4.6 Dodging
 + Level 1.0 Stealth
 + Level 1.0 Shields
 + Level 1.0 Unarmed Combat
 + Level 5.0 Spellcasting
 + Level 0.8 Conjurations
 + Level 0.8 Hexes
 + Level 0.8 Summonings
 + Level 0.8 Necromancy
 + Level 5.4 Translocations
 + Level 0.8 Transmutations
 + Level 0.8 Fire Magic
 + Level 0.8 Ice Magic
 + Level 0.8 Air Magic
 + Level 0.8 Earth Magic
 + Level 0.8 Poison Magic
 + Level 1.1 Invocations
 + Level 1.0 Evocations


You had 11 spell levels left.
You knew the following spells:

 Your Spells              Type           Power      Damage    Failure   Level
a - Blink                 Tloc           34%        N/A       3%          2

Your spell library contained the following spells:

 Spells                   Type           Power      Damage    Failure   Level
 Gell's Gravitas          Tloc           17%        N/A       8%          3
 Lesser Beckoning         Tloc           17%        N/A       8%          3
 Teleport Other           Tloc           17%        N/A       8%          3
 Dazzling Flash           Conj/Hex       10%        N/A       45%         3
 Iskenderun's Mystic Bla  Conj/Tloc      11%        2d4       54%         4
 Manifold Assault         Tloc           17%        N/A       56%         5
 Starburst                Conj/Fire      2%         6d3       100%        6


Dungeon Overview and Level Annotations

Branches:
Dungeon (3/15)

Altars:
Beogh


Innate Abilities, Weirdness & Mutations

You have very sharp teeth.
Your uncanny sense of smell can sniff out nearby items.
Your experience applies equally to all skills.


Message History

You open the door.
An orc priest, 2 orcs and a bat come into view.
The orc priest shouts!
Found 63 gold pieces.
Found a roughly hewn altar of Beogh.
Unknown command.
The orc closely misses you.
You reach to attack!
You hit the orc.
The orc is lightly wounded.
The bat hits you but does no damage.
You hit the bat. You bite the bat, but do no damage.
The bat is moderately wounded.
The bat hits you but does no damage. x2
You closely miss the bat.
The bat is moderately wounded.
The bat hits you but does no damage.
The orc priest invokes the aid of Beogh against you.
Beogh smites you!
The orc shouts!
You hit the orc but do no damage. The orc hits you with a +0 short sword.
You barely miss the orc. The orc completely misses you.
You closely miss the orc. The orc misses you.
You hit the orc.
The orc is lightly wounded.
The orc hits you with a +0 short sword.
You hit the orc but do no damage.
The orc is lightly wounded.
You closely miss the orc.
The orc is lightly wounded.
The orc misses you.
You closely miss the orc.
The orc is lightly wounded.
The orc hits you with a +0 short sword.
You hit the orc.
The orc is heavily wounded.
The orc hits you with a +0 short sword.
You hit the orc but do no damage.
The orc is heavily wounded.
The orc priest invokes the aid of Beogh against you.
Beogh smites you!
You die...

##.# ..# ∆ ..###### #
..##.o$## #+# #.#
#.#.8$8$# #.####.##
###.#$..o$# #.##....
..#.#.8.8.# ##.##.#.#
#.#@# ...#
...##>#.######.#o###'##
...............ob##oo.#
................o..b#.#
................###.#.#
..................#.#.#
................###.#.#
....................#.#
................#####.#


You could see an orc priest, 2 orcs and a bat.

Vanquished Creatures
  2 dart slugs
  7 ball pythons
  9 endoplasms
  3 giant cockroaches
  8 goblins
  8 hobgoblins
  5 bats
  4 frilled lizards
  7 kobolds
  6 rats
59 creatures vanquished.

Notes
Turn   | Place    | Note
-------+----------+-------------------------------------------
     0 | D:1      | Ablot the Gnoll Warper began the quest for the Orb.
     0 | D:1      | Reached XP level 1. HP: 20/20 MP: 6/6
   147 | D:1      | Reached XP level 2. HP: 20/26 MP: 7/7
   150 | D:1      | Learned a level 2 spell: Blink
   875 | D:1      | Reached XP level 3. HP: 31/31 MP: 9/9
  1107 | D:2      | Reached skill level 5 in Spellcasting
  1510 | D:2      | Reached skill level 1 in Invocations
  1961 | D:2      | Reached skill level 1 in Short Blades
  1961 | D:2      | Reached skill level 1 in Long Blades
  1961 | D:2      | Reached skill level 1 in Axes
  1961 | D:2      | Reached skill level 1 in Maces & Flails
  1961 | D:2      | Reached skill level 1 in Staves
  1961 | D:2      | Reached skill level 1 in Slings
  1961 | D:2      | Reached skill level 1 in Bows
  1961 | D:2      | Reached skill level 1 in Crossbows
  1961 | D:2      | Reached skill level 1 in Stealth
  1961 | D:2      | Reached skill level 1 in Shields
  1961 | D:2      | Reached skill level 1 in Unarmed Combat
  1961 | D:2      | Reached skill level 1 in Evocations
  2168 | D:3      | Found a faded altar of an unknown god.
  2376 | D:3      | Reached XP level 4. HP: 38/38 MP: 11/11
  2645 | D:3      | Killed from afar by an orc priest

Illustrated notes

Levels and vault maps discovered:
D:1:      minmay_arrival_four_houses, layout_basic,
          chequers_serial_rivers_large_b, minmay_misc_feat_tiny
D:2:      layout_loops_corners, nicolae_figureground_sparkle
D:3:      layout_basic, dreamdust_ecumenical_altar_grove, kennysheep_orc_chapel

Skill      XL: |  1  2  3 |
---------------+----------+-----
Spellcasting   | 5 |  5.0
Invocations    | 1 |  1.1
Short Blades   | 1 |  1.0
Long Blades    | 1 |  1.0
Axes           | 1 |  1.0
Maces & Flails | 1 |  1.0
Staves         | 1 |  1.0
Slings         | 1 |  1.0
Bows           | 1 |  1.0
Crossbows      | 1 |  1.0
Stealth        | 1 |  1.0
Shields        | 1 |  1.0
Unarmed Combat | 1 |  1.0
Evocations     | 1 |  1.0
Fighting       | |  4.6
Polearms       | |  4.6
Throwing       | |  2.7
Armour         | |  2.7
Dodging        | |  4.6
Conjurations   | |  0.8
Hexes          | |  0.8
Summonings     | |  0.8
Necromancy     | |  0.8
Translocations | |  5.4
Transmutations | |  0.8
Fire Magic     | |  0.8
Ice Magic      | |  0.8
Air Magic      | |  0.8
Earth Magic    | |  0.8
Poison Magic   | |  0.8

Action                   |  1- 3 |  4- 6 || total
-------------------------+-------+-------++-------
Melee: Spear             |   155 |    40 ||   195
       Bite              |    10 |     5 ||    15
       Punch             |     4 |       ||     4
 Stab: Sleeping          |     4 |       ||     4
Armor: Leather armour    |    25 |     6 ||    31
Dodge: Dodged            |    60 |    14 ||    74
